 Dungeon Sprint DCSS version 0.31-a0-844-gdc52ec4e09 (webtiles) character file.

Game seed: 11850939722098642235

6081 sircluck the Brawler (level 10, -3/177 HPs)
             Began as a Troll Berserker on Sept 29, 2023.
             Was an Elder of Trog.
             Slain by a cane toad (11 damage)
             ... called by a spriggan druid
             ... in the Dungeon (Sprint VII: "The Pits").
             The game lasted 00:02:53 (797 turns).

sircluck the Brawler (Troll Berserker)               Turns: 797, Time: 00:02:54

Health: -3/177     AC:  7    Str: 34    XL:     10   Next: 58%
Magic:  9/9        EV: 13    Int:  3    God:    Trog [****..]
Gold:   0          SH:  0    Dex:  9    Spells: 9/9 levels left

rFire   . .          .
                       - Unarmed
rCold   . . .        (no shield)
rNeg    . . .        a - +0 animal skin
rPois   .            (helmet restricted)
rElec   .            (no cloak)
rCorr   .            (gloves unavailable)
SInv    .            (boots unavailable)
Will    .....        (no amulet) Stlth
                     k - +3 ring of protection
HPRegen 1.29/turn    l - +3 ring of strength
MPRegen 0.11/turn

%: no teleportation
@: berserking, lethally poisoned (-3 -> -13), very quick
A: large, unfitting armour, claws 3, regeneration 1, shaggy fur 1, tough skin 1
a: Renounce Religion, Berserk, Trog's Hand, Brothers in Arms


You were in the Dungeon.
You worshipped Trog.
Trog was greatly pleased with you.
You visited 1 branch

Inventory:

Armour
 a - a +0 animal skin (worn)
Jewellery
 k - a +3 ring of protection (left claw)
 l - a +3 ring of strength (right claw)
Scrolls
 i - 2 scrolls of vulnerability
 j - a scroll of summoning
Potions
 b - 5 potions of curing
 c - 5 potions of heal wounds
 d - 4 potions of haste
 e - 4 potions of magic
 f - 4 potions of berserk rage
 h - 2 potions of invisibility
 m - a potion of resistance


   Skills:
 + Level 12.9 Fighting
 + Level 12.7 Dodging
 + Level 15.0 Unarmed Combat


You had 9 spell levels left.
You didn't know any spells.
Your spell library was empty.

Dungeon Overview and Level Annotations

Branches:
Dungeon (1/1)

Altars:
Ashenzari
Cheibriados
Dithmenos
Elyvilon
Fedhas
Gozag
Hepliaklqana
Kikubaaqudgha
Makhleb
Nemelex Xobeh
Okawaru
Qazlal
Ru
Sif Muna
Trog
Uskayaw
Vehumet
Wu Jian
Xom
Yredelemnul
Zin
The Shining One
Jiyva
Lugonu


Innate Abilities, Weirdness & Mutations

You are too large for most types of armour.
You have claws for hands.
Your natural rate of healing is unusually fast.
You are covered in fur. (AC +1)
You have tough skin. (AC +1)


Message History

The wolf spider hits you!
The wolf spider bites you but does no damage.
The wolf spider misses you. The wolf spider bites you.
There is a huge open gate to the Metal Vault (Medium), spattered with blood here.
You scratch the wolf spider.
The wolf spider is lightly wounded.
A jackal comes into view.
The wolf spider hits you!! The wolf spider bites you.
You are too injured to fight recklessly!
You are too injured to fight recklessly!
You are too injured to fight recklessly!
You are too injured to fight recklessly!
The jackal barks!
You scratch the wolf spider but do no damage.
You hear a bark!
The wolf spider hits you. The wolf spider bites you!
* * * LOW HITPOINT WARNING * * *
A cane toad comes into view.
You feel much better.
The cane toad croaks.
The wolf spider barely misses you.
The wolf spider bites you but does no damage.
Unknown command.
Unknown command.
A red film seems to cover your vision as you go berserk!
You feel yourself moving faster!
You feel mighty! The wolf spider hits you!!
* * * LOW HITPOINT WARNING * * *
The wolf spider bites you but does no damage.
The cane toad stings you!!
* * * LOW HITPOINT WARNING * * *
You are poisoned.
The cane toad poisons you! The wolf spider hits you!
* * * LOW HITPOINT WARNING * * *
The wolf spider bites you!
* * * LOW HITPOINT WARNING * * *
You completely miss the wolf spider.
* * * LOW HITPOINT WARNING * * *
You feel very sick. The cane toad stings you!
You die...

__...###########++######
####'##................#
)))'.##......#..#......#
####.##................+
......'................+
#÷#####......#..#......#
).#..##................#
..#))#####'#####Fs######
###))##.......##@'########
).#))##.......##†).h..)).+
.)#[[##.......##....).)..+
'##'###...<...##.....##).##
))...##.......##...###....###
.....##.......##[.##........## .
#######.......##++#...#..#...#..
..#..###########.............'.
..#)############''#..§#..#...# .


You could see a wolf spider, a cane toad and a jackal.

Vanquished Creatures
  A hydra (D)
  A death yak (D)
  A shadow wraith (D)
  A black mamba (D)
  A smoke demon (D)
  A komodo dragon (D)
  A guardian mummy (D)
  A troll (D)
  A snapping turtle (D)
  A jumping spider (D)
  2 flying skulls (D)
  Eustachio (D)
  A warg (D)
  An ice beast (D)
  A centaur (D)
  A scorpion (D)
  5 wights (D)
  6 killer bees (D)
  A crimson imp (D)
  A quasit (D)
  A hound (D)
  An orc priest (D)
  A mummy (D)
  2 adders (D)
  A gnoll (D)
  An ufetubus (D)
  An adder zombie (D)
  An orc (D)
  A ball python (D)
  A bat zombie (D)
  A goblin (D)
  2 hobgoblins (D)
  A kobold (D)
  A quokka (D)
  2 frilled lizards (D)
48 creatures vanquished.

Vanquished Creatures (collateral kills)
  A spriggan druid (D)
  An efreet (D)
  A hornet (D)
  A polar bear (D)
  4 killer bees (D)
  A ball python (D)
9 creatures vanquished.

Vanquished Creatures (others)
  An orc (D)
1 creature vanquished.

Grand Total: 58 creatures vanquished

Notes
Turn   | Place    | Note
-------+----------+-------------------------------------------
     0 | D        | sircluck the Troll Berserker began the quest for the Orb.
     0 | D        | Reached XP level 1. HP: 22/22 MP: 0/0
    11 | D        | Noticed a troll
    11 | D        | Noticed a komodo dragon
    28 | D        | Killed a komodo dragon
    29 | D        | Reached skill level 7 in Unarmed Combat
    29 | D        | Reached XP level 2. HP: 32/37 MP: 1/1
    29 | D        | Reached XP level 3. HP: 39/45 MP: 2/2
    29 | D        | Reached XP level 4. HP: 47/53 MP: 3/3
    29 | D        | Reached XP level 5. HP: 54/61 MP: 4/4
    33 | D        | Killed a troll
    34 | D        | Reached skill level 8 in Unarmed Combat
    34 | D        | Reached XP level 6. HP: 50/71 MP: 5/5
    37 | D        | Reached ** piety under Trog
    42 | D        | Found a bloodstained altar of Trog.
    42 | D        | Found a shimmering blue altar of Sif Muna.
    42 | D        | Found a viscous altar of Jiyva.
    42 | D        | Found a hazy altar of Hepliaklqana.
    42 | D        | Found an opulent altar of Gozag.
    43 | D        | Found a glowing golden altar of the Shining One.
    43 | D        | Found a glowing silver altar of Zin.
    43 | D        | Found a basalt altar of Yredelemnul.
    43 | D        | Found a shimmering altar of Xom.
    43 | D        | Found an ornate altar of the Wu Jian Council.
    43 | D        | Found a sacrificial altar of Ru.
    43 | D        | Found a stormy altar of Qazlal.
    43 | D        | Found an iron altar of Okawaru.
    43 | D        | Found a sparkling altar of Nemelex Xobeh.
    43 | D        | Found a burning altar of Makhleb.
    43 | D        | Found a blossoming altar of Fedhas.
    43 | D        | Found a white marble altar of Elyvilon.
    43 | D        | Found a shadowy altar of Dithmenos.
    43 | D        | Found a snail-covered altar of Cheibriados.
    47 | D        | Found a corrupted altar of Lugonu.
    47 | D        | Found a radiant altar of Vehumet.
    48 | D        | Found a broken altar of Ashenzari.
    48 | D        | Found an ancient bone altar of Kikubaaqudgha.
    48 | D        | Found a hide-covered altar of Uskayaw.
    94 | D        | Reached skill level 9 in Unarmed Combat
   104 | D        | Reached *** piety under Trog
   110 | D        | Reached XP level 7. HP: 65/79 MP: 6/6
   114 | D        | Reached **** piety under Trog
   126 | D        | Reached skill level 10 in Unarmed Combat
   248 | D        | Reached ***** piety under Trog
   292 | D        | Noticed a flying skull
   293 | D        | Killed a flying skull
   301 | D        | Noticed a jumping spider
   306 | D        | Killed a jumping spider
   307 | D        | Reached XP level 8. HP: 79/92 MP: 7/7
   310 | D        | Received a gift from Trog
   313 | D        | Reached skill level 11 in Unarmed Combat
   333 | D        | Noticed a guardian mummy
   360 | D        | Killed a guardian mummy
   365 | D        | Identified the +6 great sword "Hydra's Funeral" {flame,
                  | *Slow rPois rC+++ rN+} (Trog gifted it to you in the
                  | Dungeon)
   365 | D        | Received a gift from Trog
   366 | D        | Reached skill level 10 in Fighting
   373 | D        | Reached skill level 10 in Dodging
   511 | D        | Noticed a black mamba
   511 | D        | Noticed an efreet
   518 | D        | Noticed a snapping turtle
   526 | D        | Killed a black mamba
   527 | D        | Reached skill level 12 in Unarmed Combat
   527 | D        | Reached XP level 9. HP: 99/102 MP: 8/8
   532 | D        | Received a gift from Trog
   537 | D        | Reached ****** piety under Trog
   550 | D        | HP: 1/102 [efreet/fireball (33)]
   551 | D        | Killed an efreet
   552 | D        | Reached skill level 13 in Unarmed Combat
   628 | D        | Noticed a death yak
   645 | D        | Noticed Eustachio
   649 | D        | Killed a death yak
   652 | D        | Killed Eustachio
   701 | D        | Noticed a six-headed hydra
   711 | D        | Killed a seven-headed hydra
   712 | D        | Reached skill level 14 in Unarmed Combat
   712 | D        | Reached XP level 10. HP: 104/115 MP: 9/9
   715 | D        | Killed a shadow wraith
   726 | D        | Received a gift from Trog
   727 | D        | Noticed a spriggan druid
   729 | D        | Noticed a smoke demon
   744 | D        | Killed a spriggan druid
   746 | D        | Killed a smoke demon
   747 | D        | HP: 5/118 [burnt (7)]
   747 | D        | Noticed a wolf spider
   748 | D        | Reached skill level 15 in Unarmed Combat
   794 | D        | Noticed a cane toad
   797 | D        | HP: 8/177 [poisoned by a cane toad]
   797 | D        | Slain by a cane toad

Illustrated notes

Levels and vault maps discovered:
D:        pitsprint [storerooms_1, entrance_room_1, metal_vault_4, armoury_1,
          mini_pit_1, grid_room_1, main_hall_1, silver_pit, the_coven_1,
          the_vestibule_1, steel_vault_4, golden_pit, hallway_of_sentries,
          crystal_vault_3, iron_vault_2, final_vault]

Skill      XL: |  1  2  3  4  5  6  7  8  9 10 |
---------------+-------------------------------+-----
Fighting       | 6 7 9 10 12 | 12.9
Dodging        | 6 7 9 10 11 12 | 12.7
Unarmed Combat | 7 8 9 10 12 14 15 | 15.0

Action                     |  1- 3 |  4- 6 |  7- 9 | 10-12 || total
---------------------------+-------+-------+-------+-------++-------
  Melee: Unarmed           |     4 |    16 |   111 |    22 ||   153
         Punch             |       |       |     5 |     1 ||     6
 Invoke: Berserk           |     1 |       |     4 |     1 ||     6
         Brothers in Arms  |       |       |     4 |     1 ||     5
         Trog's Hand       |       |       |       |     1 ||     1
    Use: Potion            |       |       |     2 |     4 ||     6
         Scroll            |       |       |       |     1 ||     1
 Armour: Animal skin       |     1 |     9 |    93 |    60 ||   163
  Dodge: Dodged            |     4 |     9 |    84 |    37 ||   134

Table legend: (Time is in decaauts)
 A = Elapsed time spent in this place.
 B = Non-inter-level travel time spent in this place.
 C = Inter-level travel time spent in this place.
 D = Time resting spent in this place.
 E = Time spent auto-exploring this place.
 F = Levels seen in this place.
 G = Mean time per level.
                   A        B        C        D        E       F      G
               +--------+--------+--------+--------+--------+-----+--------+
         Total |    820 |    764 |     56 |    240 |    161 |   1 |  820.0 |
       Dungeon |    820 |    764 |     56 |    240 |    161 |   1 |  820.0 |
               +--------+--------+--------+--------+--------+-----+--------+

Top non-repeatable levels by time:
       D: 820 daAuts
